 Dungeon Crawl Stone Soup version 0.24.0-123-gd5b16e6ec5 (webtiles) character file.

Game seed: 6552240888803608443, levelgen mode: deterministic

479234 Andrea the Eclecticist (level 24, -25/187 HPs)
             Began as a Gnoll Wizard on Jan 6, 2020.
             Was the Champion of Cheibriados.
             Killed by the air
             ... invoked by a spriggan air mage
             ... led by the Enchantress
              (30 damage)
             ... on level 4 of the Depths on Jan 7, 2020.
             The game lasted 05:31:54 (57638 turns).

Andrea the Eclecticist (Gnoll Wizard)              Turns: 57638, Time: 05:31:55

Health: -25/187    AC: 28    Str: 33      XL:     24   Next: 82%
Magic:  8/43       EV: 31    Int: 34 (35) God:    Cheibriados [******]
Gold:   1653       SH: 18    Dex: 36      Spells: 20/55 levels left

rFire    + + .     SeeInvis +   a - +6 scimitar (elec)
rCold    + . .     Gourm    .   F - +1 shield
rNeg     + . .     Faith    .   O - +9 ring mail of Hoqeiteps {*Slow rPois Regen+ rCorr}
rPois    +         Spirit   .   H - +2 helmet {SInv}
rElec    +         Reflect  .   N - +1 cloak
rCorr    +         Harm     .   v - +1 pair of gloves
MR       +....     NoTele   +   j - +0 pair of boots "Liabeiko" {+Blink rF++}
Stlth    +++++++...             x - amulet of Hyteq {RegenMP rElec rN+ Dex+3}
HPRegen  0.81/turn              (no ring)
MPRegen  0.53/turn              C - ring of protection from cold

@: cannot translocate, deflect missiles, very slow
A: distributed training, fangs 1, strong nose
}: 2/15 runes: decaying, gossamer
a: Bend Time, Temporal Distortion, Slouch, Step From Time, Renounce Religion,
Evoke Blink


You were on level 4 of the Depths.
You worshipped Cheibriados.
Cheibriados was exalted by your worship.
You were hungry.

You visited 9 branches of the dungeon, and saw 43 of its levels.
You visited the Abyss 1 time.
You visited 1 bazaar.
You also visited: Ossuary and Ice Cave.

You collected 5378 gold pieces.
You spent 3725 gold pieces at shops.

Inventory:

Hand Weapons
 a - a +6 scimitar of electrocution (weapon)
 c - a +4 sacred scourge of holy wrath
 m - a +7 halberd of freezing
Missiles
 J - 110 poisoned darts (quivered)
Armour
 j - the +0 pair of boots "Liabeiko" (worn) {+Blink rF++}
   (You bought it in a shop on level 2 of the Elven Halls)

   It greatly protects you from fire.
   It lets you blink.
 v - a +1 pair of gloves (worn)
 w - a +2 large shield
 F - a +1 shield (worn)
 H - a +2 helmet of see invisible (worn)
 N - a +1 cloak (worn)
 O - the +9 ring mail of Hoqeiteps (worn) {*Slow rPois Regen+ rCorr}
   (You took it off an orc warrior on level 4 of the Vaults)

   It protects you from poison.
   It increases your rate of regeneration.
   It provides partial protection from all sources of acid and corrosion.
   It may slow you when you take damage.
Magical Staves
 b - an uncursed staff of wizardry
Jewellery
 i - an uncursed ring of flight
 l - an uncursed ring of positive energy
 x - the amulet of Hyteq (around neck) {RegenMP rElec rN+ Dex+3}
   (You took it off a vault sentinel on level 2 of the Vaults)

   [amulet of magic regeneration]

   It increases your magic regeneration.
   It affects your dexterity (+3).
   It insulates you from electricity.
   It protects you from negative energy.
 B - an uncursed ring of protection from fire
 C - a ring of protection from cold (right hand)
 X - an uncursed ring of resist corrosion
 Y - an uncursed ring of poison resistance
Wands
 q - a wand of paralysis (24)
 z - a wand of acid (4)
 D - a wand of enslavement (7)
 G - a wand of clouds (8)
 I - a wand of disintegration (39)
 W - a wand of scattershot (18)
 Z - a wand of digging (3)
Scrolls
 h - 9 scrolls of magic mapping
 k - 10 scrolls of enchant armour
 n - 9 scrolls of amnesia
 r - 2 scrolls of fear
 t - 14 scrolls of remove curse
 u - 3 scrolls of blinking
 y - 10 scrolls of teleportation
 E - 2 scrolls of summoning
 K - 7 scrolls of identify
 L - 5 scrolls of enchant weapon
 P - a scroll of holy word
 U - 3 scrolls of brand weapon
 V - a scroll of fog
Potions
 e - 7 potions of might
 f - 2 potions of magic
 g - 14 potions of curing
 o - 4 potions of mutation
 p - 6 potions of agility
 s - 6 potions of brilliance
 A - 5 potions of lignification
 R - 2 potions of flight
Miscellaneous
 M - a crystal ball of energy
 Q - 2 phantom mirrors
Comestibles
 d - 70 rations
 T - 9 chunks of flesh


   Skills:
 + Level 14.7 Fighting
 + Level 14.7 Short Blades
 + Level 14.7 Long Blades
 + Level 14.7 Axes
 + Level 14.7 Maces & Flails
 + Level 14.7 Polearms
 + Level 14.7 Staves
 + Level 14.7 Slings
 + Level 14.7 Bows
 + Level 14.8 Crossbows
 + Level 14.7 Throwing
 + Level 14.7 Armour
 + Level 15.3 Dodging
 + Level 15.2 Stealth
 + Level 14.7 Shields
 + Level 14.7 Unarmed Combat
 + Level 16.0 Spellcasting
 + Level 12.9 Conjurations
 + Level 12.7 Hexes
 + Level 12.7 Charms
 + Level 12.9 Summonings
 + Level 12.7 Necromancy
 + Level 12.9 Translocations
 + Level 12.7 Transmutations
 + Level 12.7 Fire Magic
 + Level 12.7 Ice Magic
 + Level 12.7 Air Magic
 + Level 12.7 Earth Magic
 + Level 12.7 Poison Magic
 + Level 15.9 Invocations
 + Level 14.7 Evocations


You had 20 spell levels left.
You knew the following spells:

 Your Spells              Type           Power        Failure   Level  Hunger
a - Magic Dart            Conj           ####         0%          1    None
b - Call Imp              Summ           #######.     0%          2    None
c - Mephitic Cloud        Conj/Pois/Air  #######.     1%          3    None
d - Conjure Flame         Conj/Fire      #######.     1%          3    None
e - Blink                 Tloc           N/A          0%          2    None
f - Slow                  Hex            #######.     0%          2    None
g - Summon Lightning Spi  Summ/Air       #######.     1%          4    None
h - Bolt of Magma         Conj/Fire/Erth #######...   1%          5    None
i - Deflect Missiles      Chrm/Air       #######...   1%          6    #......
j - Malign Gateway        Summ/Tloc      #######...   8%          7    ####...

Your spell library contained the following spells:

 Spells                   Type           Power        Failure   Level  Hunger
 Animate Skeleton         Necr           N/A          0%          1    None
 Apportation              Tloc           ######       0%          1    None
 Confusing Touch          Hex            ######       0%          1    None
 Sandblast                Erth           ######       0%          1    None
 Sting                    Conj/Pois      ####         0%          1    None
 Summon Small Mammal      Summ           ####         0%          1    None
 Corpse Rot               Necr           N/A          0%          2    None
 Passwall                 Tmut/Erth      #######.     0%          2    None
 Poisonous Vapours        Pois/Air       ######       0%          2    None
 Sublimation of Blood     Necr           #######...   0%          2    None
 Swiftness                Chrm/Air       #######.     0%          2    None
 Call Canine Familiar     Summ           #######.     1%          3    None
 Ignite Poison            Fire/Tmut/Pois #######.     1%          3    None
 Recall                   Summ/Tloc      N/A          1%          3    None
 Stone Arrow              Conj/Erth      ######       1%          3    None
 Summon Guardian Golem    Hex/Summ       #######.     1%          3    None
 Animate Dead             Necr           N/A          1%          4    None
 Leda's Liquefaction      Hex/Erth       #######...   1%          4    None
 Olgreb's Toxic Radiance  Pois           #######.     1%          4    None
 Passage of Golubria      Tloc           N/A          1%          4    None
 Petrify                  Tmut/Erth      #######.     1%          4    None
 Summon Ice Beast         Ice/Summ       #######.     1%          4    None
 Agony                    Necr           #######.     1%          5    None
 Alistair's Intoxication  Tmut/Pois      #######.     1%          5    None
 Blade Hands              Tmut           #######...   1%          5    None
 Bolt of Draining         Conj/Necr      #######...   1%          5    None
 Borgnjor's Vile Clutch   Necr/Erth      #######...   1%          5    None
 Dispel Undead            Necr           #######.     1%          5    None
 Excruciating Wounds      Chrm/Necr      #######...   1%          5    None
 Irradiate                Conj/Tmut      #######...   1%          5    None
 Iskenderun's Battlesphe  Conj/Chrm      #######.     1%          5    None
 Lee's Rapid Deconstruct  Erth           #######...   1%          5    None
 Silence                  Hex/Air        #######...   1%          5    None
 Summon Forest            Summ/Tloc      #######...   1%          5    None
 Venom Bolt               Conj/Pois      #######...   1%          5    None
 Conjure Ball Lightning   Conj/Air       #######...   1%          6    #......
 Darkness                 Hex            #######...   1%          6    #......
 Death Channel            Necr           #######...   1%          6    #......
 Freezing Cloud           Conj/Ice/Air   #######...   1%          6    #......
 Hydra Form               Tmut           #######...   1%          6    #......
 Invisibility             Hex            #######.     1%          6    #......
 Iron Shot                Conj/Erth      #######...   1%          6    #......
 Simulacrum               Ice/Necr       #######...   1%          6    #......
 Statue Form              Tmut/Erth      #######..    1%          6    #......
 Haunt                    Necr/Summ      #######...   8%          7    ####...
 Monstrous Menagerie      Summ           #######...   8%          7    ####...
 Orb of Destruction       Conj           #######...   8%          7    ####...
 Spellforged Servitor     Conj/Summ      #######...   8%          7    ####...
 Summon Greater Demon     Summ           #######...   8%          7    ####...
 Ring of Flames           Chrm/Fire      #######...   9%          7    ####...
 Summon Horrible Things   Summ           #######...   52%         8    ######.
 Borgnjor's Revivificati  Necr           #######...   54%         8    ######.
 Death's Door             Chrm/Necr      #######...   54%         8    ######.
 Infestation              Necr           #######...   54%         8    ######.
 Necromutation            Tmut/Necr      #######...   54%         8    ######.
 Dragon's Call            Summ           #######...   100%        9    #######
 Shatter                  Erth           #######...   100%        9    #######
 Tornado                  Air            #######...   100%        9    #######


Dungeon Overview and Level Annotations

Branches:
Dungeon (15/15)            Temple (1/1) D:7            Lair (6/6) D:10
  Swamp (4/4) Lair:4       Spider (4/4) Lair:4        Slime (0/5) Lair:6
    Orc (2/2) D:10            Elf (3/3) Orc:2        Vaults (4/5) D:13
  Crypt (0/3) Vaults:3     Depths (4/5) D:15        Ossuary (visited)
  IceCv (visited)

Altars:
Ashenzari
Cheibriados
Dithmenos
Elyvilon
Fedhas
Gozag
Hepliaklqana
Kikubaaqudgha
Makhleb
Nemelex Xobeh
Okawaru
Qazlal
Ru
Sif Muna
Trog
Uskayaw
Vehumet
Wu Jian
Xom
Yredelemnul
Zin
The Shining One
Beogh
Jiyva

Shops:
D:4 *   D:12 *   Orc:1 :   Orc:2 =[(*   Elf:2 [   Vaults:1 !   Vaults:3 %
Depths:2 *   Depths:4 [

Portals:
Hell: Depths:1 Depths:2 Depths:3
Abyss: Depths:1 Depths:4
Pandemonium: Depths:3
Ziggurat: Depths:4
Trove: Vaults:4 (give 5 scrolls of blinking)

Annotations:
D:8 Harold
D:10 3 runed translucent doors, Stornor41's ghost, journeyman DDAr
Vaults:4 3 runed translucent doors, Lianjan's ghost, adept GnWr
Depths:4 the Enchantress


Innate Abilities, Weirdness & Mutations

Your experience applies equally to all skills.
You have very sharp teeth.
Your uncanny sense of smell can sniff out nearby items.


Message History

You assume a fearsome visage.
The Enchantress resists with almost no effort.
The spriggan defender resists with almost no effort.
The spriggan defender resists with some effort.
The spriggan air mage resists with almost no effort. x2
The spriggan air mage points at you and mumbles some strange words.
You deflect the bolt of lightning!
Evoke which item? (* to show all) (? for menu, Esc to quit)
Aiming: Enslavement
Press: ? - help, Shift-Dir - straight line, f/p - spriggan defender
Aim: a spriggan defender, wielding a +4 quick blade, wearing a +0 robe and wearing a +0 buckler (chance to defeat MR: 1%)
Okay, then.
Okay, then.
Okay, then.
Okay, then.
As you read the scroll of summoning, it crumbles to dust.
Wisps of shadow whirl around you...
The spriggan air mage waves its arms in wide circles.
The air twists around and strikes you!!
You die...

## ## ## ## #u#
#.# #.# #)# # #u#
#.# #.# #.#.##.
#u# #T# #.#
#.#.#(.i #u#T#
#.# #.#.#.#.†
#@###.# #.#.#.#
#) .#.#i#.#
#.#.#.# #8
#s###i###.#.#.#
∆#.
.#.#.#.#i#.#.#.#
#. #.#
#.###i#.#.# #.
#.#.#.#.#.#i#.#
#. .#.#
#.###.#.#.# ∆#.
#.# #.#.#.#.#.#.#
#) .#
#.#.###.#.#.###.#
#.


You could see the Enchantress, 2 spriggan defenders, 2 spriggan air magi, 2
friendly very ugly things, 2 friendly ugly things, a friendly wolf spider
(wandering), a friendly deep troll earth mage (wandering) and a friendly deep
troll shaman (wandering).

Vanquished Creatures
  A juggernaut (Depths:4)
  the Lernaean hydra (Swamp:4)
  Margery (Vaults:4)
  Jorgrun (Orc:2)
  4 deep elf blademasters
  Asterion (Vaults:3)
  A quicksilver dragon (Depths:4)
  A lich (Depths:4)
  3 deep elf master archers (Elf:3)
  2 titans
  5 sphinxes
  A shadow dragon (Vaults:4)
  Kirke (Swamp:3)
  3 thorn hunters
  A storm dragon (Depths:4)
  Roxanne (Elf:2)
  5 fire giants
  2 tengu reavers
  2 orc warlords
  5 emperor scorpions (Spider:4)
  10 deep elf sorcerers
  7 frost giants
  9 vault wardens
  4 ghost moths
  3 ironheart preservers
  3 deep elf elementalists (Elf:3)
  4 very ugly things
  A war gargoyle (Vaults:4)
  12 stone giants
  Nessos (D:13)
  3 entropy weavers
  2 deep elf demonologists (Elf:3)
  4 deep elf annihilators
  2 spark wasps
  3 deep elf death magi
  4 ettins
  A fire dragon (Lair:6)
  A crystal guardian (Vaults:4)
  3 great orbs of eyes
  An ice dragon (shapeshifter) (Depths:2)
  9 yaktaur captains
  A vault guard (Vaults:2)
  3 deep elf high priests (Elf:3)
  5 ogre magi
  17 hydras
  6 rakshasas
  5 ice dragons
  3 shambling mangroves
  2 catoblepae (Lair:5)
  4 centaur warriors
  18 two-headed ogres
  A catoblepas (shapeshifter) (Vaults:4)
  4 deep troll earth magi
  3 deep troll shamans
  A tengu warrior (Depths:4)
  2 hell hogs (Abyss:3)
  Urug (Lair:1)
  3 spriggan berserkers
  A thrashing horror (Abyss:3)
  34 dancing weapons
  5 orc high priests
  4 alligators
  20 deep elf knights
  6 hell knights
  8 skeletal warriors
  2 shadow wraiths
  A death drake (Abyss:3)
  A flayed ghost (Depths:3)
  9 glowing orange brains
  2 spriggan druids
  2 unseen horrors
  7 swamp dragons
  4 wizards
  13 deep trolls
  11 deep elf archers
  4 phantasmal warriors
  A lindwurm (Lair:3)
  An orange crystal statue (Depths:3)
  15 ironbrand convokers
  12 orc knights
  A harpy (shapeshifter) (Depths:4)
  19 wolf spiders
  A necromancer (D:15)
  A stone giant zombie (D:15)
  4 harpies
  44 deep elf magi
  A cyclops (shapeshifter) (Depths:2)
  A frost giant zombie (D:15)
  17 ugly things
  6 manticores
  6 cyclopes
  A faun (shapeshifter) (Vaults:1)
  5 orc sorcerers
  10 orb spiders
  5 mana vipers (Depths:3)
  A sphinx skeleton (D:15)
  9 elephants (Lair:6)
  A worldbinder (Abyss:3)
  Psyche (D:10)
  6 vault sentinels
  2 smoke demons (Abyss:3)
  5 spiny frogs
  2 black mambas
  An orange demon (Abyss:3)
  Maurice (D:9)
  2 gargoyles (D:12)
  2 centaur skeletons (D:14)
  A komodo dragon (shapeshifter) (D:13)
  A komodo dragon (Lair:3)
  25 yaktaurs
  A guardian mummy (D:15)
  3 rime drakes
  6 freezing wraiths
  An anaconda simulacrum (Depths:3)
  2 spectral merfolk (Depths:3)
  11 demonic crawlers
  A meliai (shapeshifter) (Vaults:4)
  2 tengu conjurers
  8 trolls
  29 jumping spiders
  A polar bear (Lair:6)
  3 tyrant leeches
  2 meliai (D:15)
  13 blink frogs
  33 slime creatures
  10 hornets
  11 hippogriffs
  4 bog bodies
  4 raiju (Depths:3)
  2 dream sheep (Lair:5)
  7 shadows
  2 air elementals
  10 wraiths
  8 water elementals
  2 vampires (Depths:3)
  A spriggan (Swamp:4)
  12 tarantellas
  40 redbacks
  Sigmund (D:4)
  3 basilisks (Lair:6)
  2 wyverns
  16 humans (D:13)
  A basilisk (shapeshifter) (Vaults:4)
  4 fire elementals (Elf:1)
  A golden eye (shapeshifter) (Vaults:4)
  A hungry ghost (D:13)
  47 yaks
  11 wargs
  A steam dragon (Lair:6)
  25 vampire mosquitoes
  A soldier ant (D:12)
  8 swamp worms
  3 insubstantial wisps (Swamp:3)
  4 acid dragons
  13 water moccasins
  2 spectral spriggans (Depths:3)
  7 hell hounds
  5 porcupines
  10 swamp drakes
  A spectral troll (Depths:3)
  5 ice beasts
  A human skeleton (D:15)
  A floating eye (Depths:3)
  2 large abominations (Abyss:3)
  36 orc warriors
  2 sky beasts
  2 necrophages
  4 boggarts
  23 ogres
  13 centaurs
  A phantom (D:12)
  9 wolves
  15 crocodiles
  A big kobold (D:8)
  A gnoll sergeant (D:10)
  16 bullfrogs
  2 earth elementals (Elf:1)
  4 scorpions
  21 killer bees
  A spectral ogre (Depths:3)
  A human simulacrum (Vaults:2)
  15 wights
  8 howler monkeys
  2 electric eels
  A centaur zombie (D:11)
  8 crimson imps
  A quasit (D:11)
  4 jellies
  13 orc priests
  8 hounds
  4 bullfrog skeletons
  5 iguanas
  11 orc wizards
  A spriggan simulacrum (Depths:3)
  9 worker ants
  A killer bee zombie (D:6)
  A hound zombie (D:4)
  A hound skeleton (D:6)
  A worker ant zombie (D:6)
  11 gnolls
  16 adders
  A naga simulacrum (Depths:3)
  4 river rats (D:4)
  4 shadow imps
  7 oozes
  2 adder skeletons
  2 worms (D:4)
  A dart slug (D:2)
  6 leopard geckos
  76 orcs
  2 giant cockroaches
  2 gnoll zombies (D:5)
  12 goblins
  11 hobgoblins
  4 jackals (D:5)
  20 kobolds
  2 quokkas
  2 ball pythons (D:2)
  3 bats
  6 frilled lizards
  A jackal zombie (D:5)
  A leopard gecko skeleton (D:3)
  An orc zombie (Ossuary)
  12 rats
  3 briar patches (Swamp:4)
  A fungus (Lair:2)
1417 creatures vanquished.

Vanquished Creatures (collateral kills)
  An ancient lich (Depths:3)
  Mennas (Depths:3)
  A juggernaut (Depths:2)
  Nikola (Depths:2)
  A tentacled monstrosity (Depths:2)
  A lich (Vaults:3)
  A deep elf master archer (Elf:3)
  A sphinx (Depths:1)
  A tengu reaver (Depths:3)
  3 fire giants (Depths:1)
  2 vault wardens
  3 frost giants
  A ghost moth (Spider:4)
  An emperor scorpion (Spider:3)
  5 ironheart preservers
  A deep elf elementalist (Elf:1)
  A spriggan defender (Depths:4)
  2 stone giants
  A deep elf demonologist (Vaults:4)
  2 very ugly things
  A deep elf annihilator (Elf:3)
  3 ettins
  A deep elf death mage (Elf:3)
  A fire dragon (Depths:1)
  A yaktaur captain (Vaults:1)
  A shambling mangrove (Swamp:3)
  A great orb of eyes (Vaults:4)
  Josephine (Lair:4)
  A spriggan air mage (Depths:3)
  3 hydras (Swamp:4)
  2 ghost crabs (Swamp:3)
  A centaur warrior (Vaults:4)
  4 ogre magi
  5 two-headed ogres (Depths:3)
  A tengu warrior (Depths:2)
  A deep troll shaman (Depths:2)
  An alligator (Swamp:3)
  2 deep troll earth magi
  A spriggan berserker (Depths:2)
  An orc high priest (Orc:2)
  An iron troll (Depths:2)
  A hell knight (Vaults:4)
  2 skeletal warriors
  An unseen horror (Vaults:1)
  A deep elf knight (Elf:2)
  A death drake (Depths:3)
  7 deep trolls
  A glowing orange brain (Depths:3)
  5 swamp dragons
  3 deep elf archers
  A phantasmal warrior (Depths:3)
  A flayed ghost (Depths:3)
  An orange crystal statue (Depths:3)
  5 orc knights
  4 ironbrand convokers
  A harpy (Depths:1)
  A necromancer (Vaults:4)
  A mana viper (Depths:3)
  2 wolf spiders (Spider:4)
  A harpy (shapeshifter) (Elf:2)
  A manticore (Lair:5)
  5 orb spiders
  4 ugly things
  13 deep elf magi
  3 elephants (Lair:6)
  A centaur zombie (D:13)
  6 vault sentinels
  2 black mambas
  A torpor snail (Spider:4)
  2 spiny frogs
  A rime drake (Lair:6)
  An efreet (D:14)
  A freezing wraith (Vaults:3)
  A tengu conjurer (Depths:2)
  A komodo dragon (Lair:6)
  12 yaktaurs
  A meliai (D:15)
  3 jumping spiders
  2 hornets
  A troll (Orc:1)
  5 slime creatures
  3 dream sheep (Lair:5)
  A vampire (Depths:3)
  A large abomination (Abyss:3)
  3 wraiths
  8 redbacks
  3 tarantellas
  A water elemental (Depths:3)
  A yak (shapeshifter) (Depths:3)
  6 yaks
  A warg (Orc:2)
  3 vampire mosquitoes
  A swamp worm (Swamp:4)
  3 acid dragons
  A water moccasin (Lair:6)
  A spectral troll (Depths:3)
  2 hell hounds (Depths:1)
  10 orc warriors
  A spectral spriggan (Depths:3)
  4 swamp drakes
  A snapping turtle zombie (Depths:3)
  An ice beast (D:12)
  13 ogres
  4 wolves (Lair:6)
  4 centaurs
  A crocodile (Lair:6)
  A killer bee (D:10)
  A spectral ogre (Depths:3)
  A wight (Depths:3)
  A spectral centaur (Depths:3)
  4 orc priests
  An orc wizard (Orc:1)
  2 worker ants (D:14)
  A naga simulacrum (Depths:3)
  A leopard gecko (D:4)
  14 orcs
  3 briar patches
  A fungus (Orc:2)
281 creatures vanquished.

Vanquished Creatures (others)
  16 eldritch tentacles
  A spark wasp (Spider:4)
  A deep elf mage (Orc:1)
  A yaktaur (Depths:2)
  A jumping spider (Spider:1)
  5 humans (Swamp:3)
  A swamp worm (Swamp:3)
  2 insubstantial wisps (Swamp:3)
  An earth elemental (Elf:3)
  18 fungi
  21 plants
68 creatures vanquished.

Grand Total: 1766 creatures vanquished

Notes
Turn   | Place    | Note
-------+----------+-------------------------------------------
     0 | D:1      | Andrea the Gnoll Wizard began the quest for the Orb.
     0 | D:1      | Reached XP level 1. HP: 13/13 MP: 8/8
    81 | D:1      | Reached XP level 2. HP: 20/20 MP: 0/10
   199 | D:1      | Learned a level 2 spell: Call Imp
   300 | D:1      | Reached XP level 3. HP: 25/25 MP: 6/11
   709 | D:1      | Learned a level 3 spell: Mephitic Cloud
   713 | D:1      | Learned a level 3 spell: Conjure Flame
   716 | D:1      | Learned a level 2 spell: Blink
   733 | D:1      | Reached skill level 1 in Invocations
  1010 | D:2      | Reached skill level 1 in Fighting
  1010 | D:2      | Reached skill level 1 in Short Blades
  1010 | D:2      | Reached skill level 1 in Long Blades
  1010 | D:2      | Reached skill level 1 in Axes
  1010 | D:2      | Reached skill level 1 in Maces & Flails
  1010 | D:2      | Reached skill level 1 in Polearms
  1010 | D:2      | Reached skill level 1 in Staves
  1010 | D:2      | Reached skill level 1 in Slings
  1010 | D:2      | Reached skill level 1 in Bows
  1010 | D:2      | Reached skill level 1 in Crossbows
  1010 | D:2      | Reached skill level 1 in Throwing
  1010 | D:2      | Reached skill level 1 in Armour
  1010 | D:2      | Reached skill level 1 in Shields
  1010 | D:2      | Reached skill level 1 in Unarmed Combat
  1010 | D:2      | Reached skill level 1 in Evocations
  1030 | D:2      | Reached XP level 4. HP: 32/32 MP: 3/13
  1668 | D:3      | Reached skill level 1 in Hexes
  1668 | D:3      | Reached skill level 1 in Charms
  1668 | D:3      | Reached skill level 1 in Necromancy
  1668 | D:3      | Reached skill level 1 in Transmutations
  1668 | D:3      | Reached skill level 1 in Fire Magic
  1668 | D:3      | Reached skill level 1 in Ice Magic
  1668 | D:3      | Reached skill level 1 in Air Magic
  1668 | D:3      | Reached skill level 1 in Earth Magic
  1668 | D:3      | Reached skill level 1 in Poison Magic
  1900 | D:3      | Found an ornate altar of the Wu Jian Council.
  2074 | D:3      | Reached XP level 5. HP: 37/37 MP: 0/14
  2760 | D:4      | Found Fosumnez's General Store.
  2760 | D:4      | Noticed Sigmund
  2764 | D:4      | Killed Sigmund
  2764 | D:4      | Reached skill level 5 in Dodging
  2764 | D:4      | Reached XP level 6. HP: 44/44 MP: 9/16
  3015 | D:4      | Reached XP level 7. HP: 50/50 MP: 7/18
  3068 | D:4      | You fall into a shaft and drop 1 floor!
  3068 | D:5      | Entered Level 5 of the Dungeon
  3144 | D:5      | Found a sand-covered staircase.
  3161 | D:5      | Got an opalescent robe
  3182 | D:5      | Identified the +0 robe "Myok" {rF+ rN+ rCorr} (You found it
                  | on level 5 of the Dungeon)
  3183 | Ossuary  | Entered an ossuary
  3552 | D:5      | Reached skill level 5 in Stealth
  3963 | D:4      | Reached XP level 8. HP: 57/57 MP: 9/19
  4178 | D:4      | Bought a scroll of remove curse for 36 gold pieces
  4395 | D:5      | Found a blossoming altar of Fedhas.
  4413 | D:5      | Learned a level 2 spell: Slow
  4760 | D:5      | Found a basalt altar of Yredelemnul.
  5363 | D:6      | Found a shadowy altar of Dithmenos.
  5372 | D:6      | Found a glowing silver altar of Zin.
  5385 | D:6      | Found a sacrificial altar of Ru.
  5398 | D:6      | Found a glowing golden altar of the Shining One.
  5407 | D:6      | Found an ancient bone altar of Kikubaaqudgha.
  5464 | D:6      | Reached skill level 8 in Spellcasting
  5707 | D:6      | Reached XP level 9. HP: 63/65 MP: 14/21
  6680 | D:7      | Found a staircase to the Ecumenical Temple.
  6743 | Temple   | Entered the Ecumenical Temple
  6900 | Temple   | Became a worshipper of Cheibriados the Contemplative
  7486 | D:8      | Noticed Harold
  7951 | D:8      | Reached * piety under Cheibriados
  7951 | D:8      | Reached skill level 5 in Invocations
  8518 | D:8      | Reached XP level 10. HP: 73/73 MP: 10/22
  8911 | D:9      | Reached ** piety under Cheibriados
  9182 | D:9      | Found a shimmering altar of Xom.
  9187 | D:9      | Found a burning altar of Makhleb.
  9273 | D:9      | Reached skill level 5 in Fighting
  9273 | D:9      | Reached skill level 5 in Short Blades
  9273 | D:9      | Reached skill level 5 in Long Blades
  9273 | D:9      | Reached skill level 5 in Axes
  9273 | D:9      | Reached skill level 5 in Maces & Flails
  9273 | D:9      | Reached skill level 5 in Polearms
  9273 | D:9      | Reached skill level 5 in Staves
  9273 | D:9      | Reached skill level 5 in Slings
  9273 | D:9      | Reached skill level 5 in Bows
  9273 | D:9      | Reached skill level 5 in Crossbows
  9273 | D:9      | Reached skill level 5 in Throwing
  9273 | D:9      | Reached skill level 5 in Armour
  9273 | D:9      | Reached skill level 5 in Shields
  9273 | D:9      | Reached skill level 5 in Unarmed Combat
  9273 | D:9      | Reached skill level 5 in Evocations
  9543 | D:9      | Found a shattered altar of Ashenzari.
  9655 | D:9      | Noticed Maurice
  9667 | D:9      | Killed Maurice
  9959 | D:10     | Entered Level 10 of the Dungeon
  9959 | D:10     | Found a runed translucent gate.
  9959 | D:10     | Found a runed translucent gate.
  9959 | D:10     | Noticed a ten-headed hydra
 10065 | D:10     | Found a runed translucent gate.
 10065 | D:10     | Noticed Stornor41's ghost (journeyman DDAr)
 10065 | D:10     | Noticed a ten-headed hydra
 10117 | D:10     | Found a staircase to the Orcish Mines.
 10117 | D:10     | Noticed a brown ugly thing
 10134 | D:10     | Reached skill level 9 in Spellcasting
 10161 | D:10     | Killed a brown ugly thing
 10161 | D:10     | Reached skill level 5 in Conjurations
 10161 | D:10     | Reached skill level 5 in Summonings
 10161 | D:10     | Reached skill level 5 in Translocations
 10195 | D:10     | Reached *** piety under Cheibriados
 10538 | D:10     | Found a staircase to the Lair.
 10757 | D:10     | Noticed Psyche
 10764 | D:10     | Killed Psyche
 10957 | Lair:1   | Entered Level 1 of the Lair of Beasts
 10973 | Lair:1   | Reached **** piety under Cheibriados
 10973 | Lair:1   | Reached XP level 11. HP: 81/81 MP: 20/24
 10980 | Lair:1   | Found a snail-covered altar of Cheibriados.
 10996 | Lair:1   | Found a frozen archway.
 11024 | IceCv    | Entered an ice cave
 11290 | Lair:1   | Noticed Urug
 11316 | Lair:1   | Killed Urug
 11746 | Lair:2   | Reached skill level 5 in Hexes
 11746 | Lair:2   | Reached skill level 5 in Charms
 11746 | Lair:2   | Reached skill level 5 in Necromancy
 11746 | Lair:2   | Reached skill level 5 in Transmutations
 11746 | Lair:2   | Reached skill level 5 in Fire Magic
 11746 | Lair:2   | Reached skill level 5 in Ice Magic
 11746 | Lair:2   | Reached skill level 5 in Air Magic
 11746 | Lair:2   | Reached skill level 5 in Earth Magic
 11746 | Lair:2   | Reached skill level 5 in Poison Magic
 12707 | Lair:2   | Identified the Handbook of the Escort and Feathers
 13104 | Lair:3   | Identified the Compendium of Transformation and Summoning
 13260 | Lair:3   | Reached ***** piety under Cheibriados
 13592 | Lair:3   | Reached XP level 12. HP: 70/89 MP: 20/25
 13781 | Lair:3   | Reached skill level 10 in Spellcasting
 14918 | Lair:4   | Found a staircase to the Swamp.
 14967 | Lair:4   | Noticed a six-headed hydra
 14990 | Lair:4   | Killed a six-headed hydra
 15447 | Lair:4   | Found a hole to the Spider Nest.
 15730 | Lair:5   | Learned a level 4 spell: Summon Lightning Spire
 15878 | Lair:5   | Got a crude leather armour
 16183 | Lair:5   | Noticed a catoblepas
 16196 | Lair:5   | Noticed a catoblepas
 16197 | Lair:5   | Killed a catoblepas
 16207 | Lair:5   | Killed a catoblepas
 16564 | Lair:6   | Entered Level 6 of the Lair of Beasts
 16583 | Lair:6   | Reached XP level 13. HP: 98/98 MP: 8/27
 16722 | Lair:6   | Reached ****** piety under Cheibriados
 17389 | Lair:6   | Found a viscous altar of Jiyva.
 17389 | Lair:6   | Found a staircase to the Slime Pits.
 17723 | Lair:6   | Noticed a fire dragon
 18411 | Lair:6   | Killed a fire dragon
 18882 | Orc:1    | Entered Level 1 of the Orcish Mines
 18884 | Orc:1    | Noticed an ettin
 18898 | Orc:1    | Killed an ettin
 19444 | D:11     | Found a viscous altar of Jiyva.
 19874 | D:11     | Reached skill level 11 in Spellcasting
 20941 | D:12     | Reached XP level 14. HP: 66/106 MP: 17/29
 21387 | D:12     | Learned a level 5 spell: Bolt of Magma
 21389 | D:12     | Found Xawuceal's Assorted Antiques.
 21912 | D:13     | Found a gate to the Vaults.
 21912 | D:13     | Noticed Nessos
 22017 | D:13     | Reached skill level 10 in Dodging
 22268 | D:13     | Killed Nessos
 22442 | D:13     | Reached skill level 10 in Stealth
 23220 | Orc:1    | Reached skill level 10 in Invocations
 23446 | Orc:2    | Entered Level 2 of the Orcish Mines
 23446 | Orc:2    | Found Jefijiur's General Store.
 23446 | Orc:2    | Noticed an orc warlord
 24860 | D:15     | Entered Level 15 of the Dungeon
 24985 | D:15     | Found a staircase to the Depths.
 25058 | D:15     | Reached XP level 15. HP: 114/114 MP: 22/30
 26245 | Orc:2    | Killed an orc warlord
 26596 | Spider:1 | Entered Level 1 of the Spider Nest
 26596 | Spider:1 | Noticed Josephine
 26616 | Swamp:1  | Entered Level 1 of the Swamp
 26616 | Swamp:1  | Noticed a thorn hunter
 26628 | Swamp:1  | Killed a thorn hunter
 27064 | Swamp:2  | Reached skill level 12 in Spellcasting
 27416 | Swamp:4  | Entered Level 4 of the Swamp
 27431 | Swamp:3  | Reached skill level 10 in Fighting
 27431 | Swamp:3  | Reached skill level 10 in Short Blades
 27431 | Swamp:3  | Reached skill level 10 in Long Blades
 27431 | Swamp:3  | Reached skill level 10 in Axes
 27431 | Swamp:3  | Reached skill level 10 in Maces & Flails
 27431 | Swamp:3  | Reached skill level 10 in Polearms
 27431 | Swamp:3  | Reached skill level 10 in Staves
 27431 | Swamp:3  | Reached skill level 10 in Slings
 27431 | Swamp:3  | Reached skill level 10 in Bows
 27431 | Swamp:3  | Reached skill level 10 in Crossbows
 27431 | Swamp:3  | Reached skill level 10 in Throwing
 27431 | Swamp:3  | Reached skill level 10 in Armour
 27431 | Swamp:3  | Reached skill level 10 in Shields
 27431 | Swamp:3  | Reached skill level 10 in Unarmed Combat
 27431 | Swamp:3  | Reached skill level 10 in Evocations
 27898 | Swamp:3  | Noticed Kirke
 27903 | Swamp:3  | Killed Kirke
 27964 | Swamp:3  | Noticed a thorn hunter
 27967 | Swamp:3  | Killed a thorn hunter
 28183 | Swamp:4  | Noticed a thorn hunter
 28648 | Swamp:4  | Killed a thorn hunter
 29186 | Swamp:4  | Reached XP level 16. HP: 119/121 MP: 13/32
 29345 | Swamp:4  | Noticed the 27-headed Lernaean hydra
 30089 | Swamp:4  | Killed the 27-headed Lernaean hydra
 30233 | Swamp:4  | Got a decaying rune of Zot
 30633 | D:12     | Learned a level 6 spell: Deflect Missiles
 30767 | Orc:2    | Bought a scroll of teleportation for 39 gold pieces
 30767 | Orc:2    | Bought a potion of heal wounds for 65 gold pieces
 30893 | Orc:2    | Noticed Jorgrun
 30905 | Orc:2    | Killed Jorgrun
 30924 | Orc:2    | Found Orethruy's Antique Weapon Shop.
 31069 | Orc:2    | Found Waroriuku's Antique Armour Emporium.
 31099 | Orc:2    | Bought a shiny helmet for 172 gold pieces
 31323 | Orc:1    | Found Cefiacet's Book Emporium.
 31560 | Orc:2    | Found Eqionn's Jewellery Shoppe.
 31590 | Orc:2    | Found a staircase to the Elven Halls.
 31908 | Lair:4   | Killed Josephine
 32075 | Spider:1 | HP: 4/124 [demonic crawler (7)]
 33620 | Spider:2 | Reached XP level 17. HP: 116/131 MP: 2/33
 35123 | Spider:4 | Entered Level 4 of the Spider Nest
 35259 | Spider:4 | Reached skill level 13 in Spellcasting
 36694 | Spider:4 | Reached skill level 10 in Conjurations
 36694 | Spider:4 | Reached skill level 10 in Summonings
 36694 | Spider:4 | Reached skill level 10 in Translocations
 37760 | Spider:4 | Got a gossamer rune of Zot
 38092 | Depths:1 | Entered Level 1 of the Depths
 38128 | Depths:1 | Noticed a sphinx
 38128 | Depths:1 | Noticed a sphinx
 38128 | Depths:1 | Noticed a sphinx
 38130 | Depths:1 | Noticed a sphinx
 38139 | Depths:1 | Killed a sphinx
 38140 | Depths:1 | Killed a sphinx
 38145 | Depths:1 | Killed a sphinx
 38145 | Depths:1 | Reached skill level 10 in Hexes
 38145 | Depths:1 | Reached skill level 10 in Charms
 38145 | Depths:1 | Reached skill level 10 in Necromancy
 38145 | Depths:1 | Reached skill level 10 in Transmutations
 38145 | Depths:1 | Reached skill level 10 in Fire Magic
 38145 | Depths:1 | Reached skill level 10 in Ice Magic
 38145 | Depths:1 | Reached skill level 10 in Air Magic
 38145 | Depths:1 | Reached skill level 10 in Earth Magic
 38145 | Depths:1 | Reached skill level 10 in Poison Magic
 38154 | Depths:1 | Killed a sphinx
 38536 | Depths:1 | Reached XP level 18. HP: 139/139 MP: 33/35
 38693 | Depths:1 | Found a gateway to Hell.
 38947 | Depths:1 | Found a runed translucent door.
 39156 | Depths:1 | Found a one-way gate to the infinite horrors of the Abyss.
 39426 | Depths:1 | Noticed a titan
 39877 | Depths:1 | Killed a titan
 40037 | Depths:2 | Noticed Nikola
 40357 | Vaults:1 | Entered Level 1 of the Vaults
 41352 | Vaults:1 | Found a roughly hewn altar of Beogh.
 41584 | Vaults:1 | Found Mopyl's Distillery.
 41588 | Vaults:1 | Bought a potion of mutation for 160 gold pieces
 42617 | Vaults:2 | You fall into a shaft and drop 1 floor!
 42794 | Vaults:3 | Noticed Asterion
 42803 | Vaults:3 | Killed Asterion
 42889 | Vaults:3 | Reached XP level 19. HP: 147/147 MP: 19/36
 43452 | Vaults:2 | Identified the amulet of Hyteq {RegenMP rElec rN+ Dex+3}
 43529 | Vaults:2 | Reached skill level 14 in Spellcasting
 44550 | Vaults:3 | Found Ziofuif's Food Emporium.
 44797 | Vaults:3 | Found a staircase to the Crypt.
 44797 | Vaults:3 | Found a basalt altar of Yredelemnul.
 44798 | Vaults:3 | Found an ancient bone altar of Kikubaaqudgha.
 45484 | Vaults:4 | Found a flickering gateway to a bazaar.
 45496 | Bazaar   | Entered a bazaar
 45498 | Bazaar   | Found Teis's Book Boutique.
 45502 | Bazaar   | Found Xiydang's Food Boutique.
 45502 | Bazaar   | Found Osser's Assorted Antiques.
 45502 | Bazaar   | Found Dinni's Magic Scroll Boutique.
 45522 | Bazaar   | Bought a scroll of enchant armour for 225 gold pieces
 45530 | Bazaar   | Bought a scroll of blinking for 75 gold pieces
 45530 | Bazaar   | Bought a scroll of teleportation for 30 gold pieces
 45536 | Bazaar   | Bought a Necronomicon for 1324 gold pieces
 45536 | Bazaar   | Bought a Grand Grimoire for 1324 gold pieces
 45544 | Bazaar   | Learned a level 7 spell: Malign Gateway
 45631 | Vaults:4 | Found a portal to a secret trove of treasure.
 46158 | Vaults:4 | Noticed Margery
 46169 | Vaults:4 | Killed Margery
 46618 | Vaults:4 | Identified the +9 ring mail of Hoqeiteps {*Slow rPois
                  | Regen+ rCorr}
 46937 | Vaults:4 | Noticed a Hell Sentinel
 46942 | Vaults:4 | Noticed a Hell Sentinel
 47629 | Vaults:4 | Reached XP level 20. HP: 155/155 MP: 21/38
 47671 | Vaults:4 | Identified the +1 leather armour "Ivvaaxych" {Str+7} (You
                  | found it on level 5 of the Lair of Beasts)
 47740 | Vaults:4 | Found a runed translucent gate.
 47741 | Vaults:4 | Noticed Lianjan's ghost (adept GnWr)
 47742 | Vaults:4 | Found a runed translucent gate.
 47742 | Vaults:4 | Found a runed translucent gate.
 47746 | Vaults:4 | Identified the +5 spear of Pinnuxo {drain, +Rage rF+}
 47747 | Vaults:4 | Identified the ring "Ikkoris" {rPois rN+}
 48303 | Vaults:4 | Found a roughly hewn altar of Beogh.
 48776 | Elf:1    | Entered Level 1 of the Elven Halls
 49016 | Elf:1    | Found a runed translucent door.
 49862 | Elf:2    | Noticed Roxanne
 50116 | Elf:2    | Found a runed translucent gate.
 50117 | Elf:2    | Found a runed translucent gate.
 50120 | Elf:2    | Found a runed translucent gate.
 50525 | Elf:2    | Found Mirurett's Antique Armour Emporium.
 50529 | Elf:2    | Bought a pair of dazzling boots for 275 gold pieces
 50534 | Elf:2    | Identified the cursed +0 pair of boots "Liabeiko" {+Blink
                  | rF++} (You bought it in a shop on level 2 of the Elven
                  | Halls)
 50667 | Elf:2    | Killed Roxanne
 51701 | Elf:3    | Entered Level 3 of the Elven Halls
 51975 | Elf:3    | Cast into level 2 of the Abyss (a deep elf sorcerer)
 52135 | Abyss:3  | Reached XP level 21. HP: 161/161 MP: 21/39
 52178 | Elf:3    | Escaped the Abyss
 52203 | Elf:3    | Reached skill level 15 in Spellcasting
 52252 | Elf:3    | Identified the +3 great mace of Resumed Hostilities {venom,
                  | +Rage MR+ Str+4}
 52270 | Elf:3    | Identified the +8 flail of Ypuo {flame, rElec Str+4}
 52849 | Elf:3    | Got a dazzling spear
 52850 | Elf:3    | Identified the +0 spear "Wecua" {holy, Str+2 Dex+5} (You
                  | found it on level 3 of the Elven Halls)
 53774 | Depths:2 | Killed Nikola
 53835 | Depths:2 | Reached skill level 15 in Invocations
 54046 | Depths:2 | Found Jiepref's Assorted Antiques.
 54186 | Depths:2 | Found a snail-covered altar of Cheibriados.
 54617 | Depths:2 | Noticed a juggernaut
 54636 | Depths:2 | Killed a juggernaut
 54880 | Depths:2 | Got a shimmering amber ring
 54881 | Depths:2 | Identified the ring "Ylipyrem" {+Blink rF- rN+++ rCorr
                  | Int-5} (You found it on level 2 of the Depths)
 55087 | Depths:3 | Reached XP level 22. HP: 170/170 MP: 30/41
 55356 | Depths:3 | Paralysed by a great orb of eyes for 2 turns
 55413 | Depths:3 | Noticed Mennas
 55429 | Depths:3 | Killed Mennas
 55940 | Depths:3 | Found a one-way gate leading to the halls of Pandemonium.
 55997 | Depths:3 | Got a translucent great mace
 55998 | Depths:3 | Identified the cursed +2 great mace "Attuvyis" {speed,
                  | rElec rN+} (You found it on level 3 of the Depths)
 56192 | Depths:3 | Noticed an ancient lich
 56205 | Depths:3 | Paralysed by an ancient lich for 7 turns
 56205 | Depths:3 | Killed an ancient lich
 56453 | Depths:3 | Reached skill level 15 in Dodging
 56453 | Depths:3 | Reached XP level 23. HP: 176/176 MP: 34/42
 57053 | Depths:4 | Found a gateway to a ziggurat.
 57060 | Depths:4 | Reached skill level 15 in Stealth
 57066 | Depths:4 | Reached XP level 24. HP: 183/183 MP: 39/42
 57088 | Depths:4 | Found Zicvunti's Armour Emporium.
 57253 | Depths:4 | Noticed a juggernaut
 57264 | Depths:4 | Killed a juggernaut
 57289 | Depths:4 | Noticed the Enchantress
 57534 | Depths:4 | Reached skill level 16 in Spellcasting
 57625 | Depths:4 | Identified the +0 rapier of the Dwarven Hall {venom, -Tele
                  | +Fly rElec SInv}
 57636 | Depths:4 | HP: 4/187 [spriggan air mage/the air[the Enchantress] (26)]
 57638 | Depths:4 | Killed from afar by a spriggan air mage

Levels and vault maps discovered:
D:1:      shiori_arrival_maze, layout_loops_ring, minmay_misc_feat_alley,
          minmay_liquid_box, serial_bayou_pond_e
D:2:      layout_basic, minmay_hexomino_u4
D:3:      layout_basic, marbit_many_paths, first_ration, serial_park_tiny_2,
          minmay_starry_boxes
D:4:      layout_gridville, lightli_sewer_entry_pipes, kennysheep_small_square,
          uniq_sigmund
D:5:      layout_loops_corners, fedhas_ov_isle_minmay,
          lemuel_zombie_altar_yredelemnul, enter_ossuary_1
D:6:      layout_loops_ring, minmay_overflow_temple_star_hex
D:7:      layout_loops_corners, temple_pool_b
D:8:      layout_loops_ring, uniq_harold
D:9:      layout_loops_ring, nicolae_overflow_hidden_temple,
          overflow_temple_1_default, nicolae_ashenzari_panopticon, uniq_maurice
D:10:     layout_basic, lair_entry_dummy, david_orc_2,
          gammafunk_ghost_hydra_chop, uniq_psyche
D:11:     layout_basic, hangedman_little_slice_of_home
D:12:     layout_roguey, serial_shops, shop, kennysheep_generic_room_12
D:13:     layout_stronghold, david_vaults_3
D:14:     layout_basic, chequers_serial_rivers_room_a, uniq_nessos
D:15:     gammafunk_depths_entry_grave, layout_basic, grunt_decor_cap
Temple:   minmay_temple_curvy_loop
Lair:1:   layout_chaotic_city, portal_ice_cave_rime, basic_altar, uniq_urug
Lair:2:   layout_chaotic_city
Lair:3:   layout_misc_corridors, minivault_23, grunt_megastairs_2
Lair:4:   layout_hall_layers, swamp_mist_pool, spider_nest_entry_webs
Lair:5:   nzn_motion_control, layout_regular_city, lemuel_fruit_tree
Lair:6:   guppyfry_lair_end_dragon, layout_small_grid, slime_altar_1,
          serial_bayou_shore_a, grunt_megastairs_5
Swamp:1:  layout_falls_marsh, lemuel_altar_in_water
Swamp:2:  layout_basic_swamp, gammafunk_ghost_hydra_chop,
          evilmike_swamp_ruin_house_1, swamp_pool4
Swamp:3:  layout_basic_swamp, nicolae_swamp_feature_on_the_river_bank,
          nicolae_swamp_round_clearing, infiniplex_staircase_pool, uniq_kirke,
          uniq_aizul
Swamp:4:  swamp_old_school, layout_basic_swamp
Spider:1: layout_spider_delve, uniq_josephine
Spider:2: layout_spider_delve
Spider:3: layout_spider_delve, hangedman_spider_tarantella_strand
Spider:4: grunt_spider_rune_circles
Orc:1:    layout_caves, serial_shops, nicolae_shop_trees, elves_outpost_lemuel
Orc:2:    grunt_orc_gardens, layout_caves, grunt_orc_garden, grunt_orc_garden,
          grunt_orc_garden, grunt_orc_garden, nicolae_orc_sculptors_studio,
          uniq_jorgrun
Elf:1:    layout_geoelf_octagon, minmay_elf_crystal_hexagon, minivault_13
Elf:2:    layout_onion_city, serial_shops, shop, uniq_roxanne
Elf:3:    minmay_elf_hall_statues, layout_geoelf_diagonals, grunt_megastairs_1
Vaults:1: vaults_room_large_hall, nicolae_vaults_little_squares_5,
          special_room_vaults [special_room_orc], vaults_mumra_hexcomb,
          vaults_dpeg_hooks, vaults_dpeg_diagonal, ontoclasm_vaults_twist,
          v_pattern_5, layout_vaults_omnigrid, serial_shops, shop
Vaults:2: hangedman_vaults_locks, nicolae_vaults_border_crossing,
          vaults_mumra_hex, ontoclasm_vaults_ring_small,
          nicolae_vaults_little_squares_4, nicolae_vaults_bisected_slash,
          vaults_mumra_lcd, v_misc_5, nicolae_vaults_windows_and_doors_thing,
          hangedman_vaults_slice, v_alt_pattern_3, layout_vaults_ring
Vaults:3: nicolae_vaults_little_squares_5, v_misc_2,
          nicolae_vaults_inception_scallops, minmay_crypt_entry_necro_gods,
          ontoclasm_vaults_ligature, hangedman_vaults_river_flow,
          hangedman_vaults_impose, vaults_mumra_minichess, v_pattern_1,
          nicolae_vaults_ninety_degrees, nicolae_vaults_asterisk,
          vaults_room_semicircle, nicolae_vaults_little_squares_4,
          layout_vaults_omnicross, serial_shops, nicolae_shop_crystal,
          uniq_asterion
Vaults:4: biasface_vaults_ghost_orc_armoury, grunt_vaults_focal,
          hangedman_vaults_cutoff, nicolae_vaults_alarming, dpeg_vaults_waves,
          v_alt_pattern_6, v_misc_28, hangedman_vaults_snaps,
          grunt_vaults_diagonal, dpeg_vaults_monster_row,
          vaults_room_semicircle, grunt_vaults_bifocal, vaults_room_hallway,
          layout_vaults_maze_snakey, serial_shops, bzr_entry_lakeside,
          enter_trove_0, uniq_margery
Depths:1: layout_roguey [special_room_mythical_zoo],
          serial_sigils_hangedman_snap, abyss_entry_small_statue_room,
          hangedman_coc_ice_floe, eino_tiny_chamber, lightli_giant_bouncers
Depths:2: minmay_two_paths, layout_cave_pools, serial_shops, shop, hell_entry,
          hangedman_decor_diamond_cutter, cheibriados_altar_1, uniq_nikola
Depths:3: lemuel_river_lethe, pan_entry, hell_entry, uniq_mennas
Depths:4: minmay_imperfect_grid, layout_basic, enter_ziggurat_e, serial_shops,
          shop, abyss_entry, serial_sigils_hangedman_gnaw,
          pf_hell_entry_tar_spiral, minmay_checkered_concentric_circles,
          uniq_enchantress

Skill      XL: |  1  2  3  4  5  6  7  8  9 10 11 12 13 14 15 16 17 18 19 20 21 22 23 24 |
---------------+-------------------------------------------------------------------------+-----
Conjurations   | 2 3 4 5 6 7 8 9 10 11 12 | 12.9
Summonings     | 2 3 4 5 6 7 8 9 10 11 12 | 12.9
Translocations | 2 3 4 5 6 7 8 9 10 11 12 | 12.9
Invocations    | 1 2 3 4 5 6 7 8 9 10 11 12 13 14 15 | 15.9
Fighting       | 1 2 3 4 5 6 7 8 9 10 11 12 13 14 | 14.7
Short Blades   | 1 2 3 4 5 6 7 8 9 10 11 12 13 14 | 14.7
Long Blades    | 1 2 3 4 5 6 7 8 9 10 11 12 13 14 | 14.7
Axes           | 1 2 3 4 5 6 7 8 9 10 11 12 13 14 | 14.7
Maces & Flails | 1 2 3 4 5 6 7 8 9 10 11 12 13 14 | 14.7
Polearms       | 1 2 3 4 5 6 7 8 9 10 11 12 13 14 | 14.7
Staves         | 1 2 3 4 5 6 7 8 9 10 11 12 13 14 | 14.7
Slings         | 1 2 3 4 5 6 7 8 9 10 11 12 13 14 | 14.7
Bows           | 1 2 3 4 5 6 7 8 9 10 11 12 13 14 | 14.7
Crossbows      | 1 2 3 4 5 6 7 8 9 10 11 12 13 14 | 14.8
Throwing       | 1 2 3 4 5 6 7 8 9 10 11 12 13 14 | 14.7
Armour         | 1 2 3 4 5 6 7 8 9 10 11 12 13 14 | 14.7
Shields        | 1 2 3 4 5 6 7 8 9 10 11 12 13 14 | 14.7
Unarmed Combat | 1 2 3 4 5 6 7 8 9 10 11 12 13 14 | 14.7
Evocations     | 1 2 3 4 5 6 7 8 9 10 11 12 13 14 | 14.7
Hexes          | 1 2 3 4 5 6 7 8 9 10 11 12 | 12.7
Charms         | 1 2 3 4 5 6 7 8 9 10 11 12 | 12.7
Necromancy     | 1 2 3 4 5 6 7 8 9 10 11 12 | 12.7
Transmutations | 1 2 3 4 5 6 7 8 9 10 11 12 | 12.7
Fire Magic     | 1 2 3 4 5 6 7 8 9 10 11 12 | 12.7
Ice Magic      | 1 2 3 4 5 6 7 8 9 10 11 12 | 12.7
Air Magic      | 1 2 3 4 5 6 7 8 9 10 11 12 | 12.7
Earth Magic    | 1 2 3 4 5 6 7 8 9 10 11 12 | 12.7
Poison Magic   | 1 2 3 4 5 6 7 8 9 10 11 12 | 12.7
Dodging        | 5 6 7 8 9 10 11 12 13 14 15 | 15.3
Stealth        | 5 6 7 8 9 10 11 12 13 14 15 | 15.2
Spellcasting   | 8 9 10 11 12 13 14 15 16 | 16.0

Action                   |  1- 3 |  4- 6 |  7- 9 | 10-12 | 13-15 | 16-18 | 19-21 | 22-24 || total
-------------------------+-------+-------+-------+-------+-------+-------+-------+-------++-------
Melee: Spear             |     1 |    14 |     8 |       |       |       |       |       ||    23
       Short sword       |       |    19 |   200 |   445 |   964 |    15 |       |       ||  1643
       Bite              |       |     2 |    22 |    90 |   248 |   141 |   197 |    71 ||   771
       Punch             |       |       |     2 |    15 |       |       |       |       ||    17
       Dire flail        |       |       |       |    10 |     8 |    37 |       |       ||    55
       Halberd           |       |       |       |       |       |   590 |   504 |       ||  1094
       Scimitar          |       |       |       |       |       |       |   330 |   271 ||   601
       Staff             |       |       |       |       |       |       |     2 |     1 ||     3
       Sacred scourge    |       |       |       |       |       |       |       |     2 ||     2
Throw: Dart              |       |       |       |    43 |    16 |     6 |     2 |       ||    67
 Cast: Magic Dart        |    67 |   111 |   310 |   363 |   269 |   108 |    13 |     7 ||  1248
       Conjure Flame     |       |     3 |    17 |    13 |    45 |    11 |     5 |     1 ||    95
       Mephitic Cloud    |       |     7 |    29 |    66 |   121 |    60 |    84 |     3 ||   370
       Call Imp          |       |     2 |     6 |     1 |    12 |     3 |     2 |       ||    26
       Slow              |       |       |     1 |    11 |    78 |    36 |     4 |     3 ||   133
       Summon Lightning  |       |       |       |     8 |    40 |    78 |    73 |    24 ||   223
       Blink             |       |       |       |     1 |    13 |    13 |    11 |     5 ||    43
       Bolt of Magma     |       |       |       |       |   129 |   178 |   229 |    59 ||   595
       Deflect Missiles  |       |       |       |       |       |     2 |     3 |     1 ||     6
       Malign Gateway    |       |       |       |       |       |       |     4 |    12 ||    16
Invok: Step From Time    |       |       |       |       |       |     1 |     2 |     2 ||     5
       Bend Time         |       |       |       |       |       |       |     1 |       ||     1
       Temporal Distorti |       |       |       |       |       |       |     1 |       ||     1
 Abil: Evoke Flight      |       |       |       |       |       |       |       |    11 ||    11
       Stop Flying       |       |       |       |       |       |       |       |     2 ||     2
Evoke: Wand              |       |       |       |     1 |     2 |     8 |       |       ||    11
  Use: Scroll            |       |       |     6 |    11 |    12 |    16 |    14 |     4 ||    63
       Potion            |       |       |       |     1 |     1 |     5 |     2 |     4 ||    13
 Stab: Confused          |       |     1 |     7 |    49 |    89 |    59 |    62 |       ||   267
       Sleeping          |       |       |     3 |     1 |    10 |     2 |    18 |     2 ||    36
       Distracted        |       |       |     1 |     1 |     9 |    27 |    19 |    10 ||    67
       Petrified         |       |       |       |     2 |       |       |       |       ||     2
  Eat: Chunk             |       |     6 |    14 |     9 |    14 |    14 |    12 |     3 ||    72
       Ration            |       |       |     1 |     1 |     2 |     3 |     3 |     2 ||    12
Armor: Robe              |       |     3 |    26 |       |       |       |       |       ||    29
       Steam dragon scal |       |       |    11 |    40 |       |       |       |       ||    51
       Ring mail         |       |       |       |    13 |   165 |   279 |   156 |    50 ||   663
Dodge: Dodged            |     8 |    29 |   169 |   340 |   586 |  1072 |   784 |   251 ||  3239
       Deflected         |       |       |       |       |       |    26 |    50 |     8 ||    84
Block: Buckler           |       |       |       |    30 |   276 |    18 |       |       ||   324
       Shield            |       |       |       |       |       |       |   247 |   232 ||   479
       Rpst.: Scimitar   |       |       |       |       |       |       |    56 |    49 ||   105
